 Dungeon Crawl Stone Soup version 0.20.1-1-g8b1a95d (webtiles) character file.

193 homeworkjunkie the Skirmisher (level 5, -2/48 HPs)
             Began as a Hill Orc Fighter on Nov 14, 2017.
             Slain by a gnoll
             ... wielding a +0 halberd
              (7 damage)
             ... on level 5 of the Dungeon.
             The game lasted 00:01:37 (980 turns).

homeworkjunkie the Skirmisher (Hill Orc Fighter)     Turns: 980, Time: 00:01:38

Health: -2/48      AC:  8    Str: 20    XL:     5   Next: 72%
Magic:  5/5        EV:  7    Int:  8    God:
Gold:   22         SH:  9    Dex: 10    Spells: 4/4 levels left

rFire    . . .     SeeInvis .   a - +0 war axe
rCold    . . .     Gourm    .   c - +0 shield
rNeg     . . .     Faith    .   b - +0 scale mail
rPois    .         Spirit   .   (no helmet)
rElec    .         Reflect  .   (no cloak)
rCorr    .         Harm     .   (no gloves)
MR       .....                  j - +0 pair of boots
Stlth    ..........             (no amulet)
Regen    0.2/turn               (no ring)
MPRegen  0.1/turn               (no ring)

@: no status effects
A: no striking features
a: no special abilities


You were on level 5 of the Dungeon.
You were not hungry.

You visited 2 branches of the dungeon, and saw 6 of its levels.

You collected 22 gold pieces.

Inventory:

Hand Weapons
 a - a +0 war axe (weapon)
Armour
 b - a +0 scale mail (worn)
 c - a +0 shield (worn)
 j - a +0 pair of boots (worn)
Scrolls
 g - 2 scrolls of identify
 i - a scroll of random uselessness {unknown}
Potions
 e - 2 potions of curing
 k - a potion of lignification {unknown}
Comestibles
 d - a royal jelly
 f - 2 bread rations
 h - 2 meat rations


   Skills:
 * Level 5.0 Fighting
 * Level 4.2 Axes
 * Level 4.3 Armour
 + Level 0.4 Dodging
 * Level 4.2 Shields


You had 4 spell levels left.
You didn't know any spells.

Dungeon Overview and Level Annotations

Branches:
Dungeon (5/15)             Temple (1/1) D:4

Altars:
Ashenzari
Dithmenos
Fedhas
Hepliaklqana
Makhleb
Trog
Uskayaw
Vehumet
Zin
The Shining One
Lugonu


Message History

You hit the gnoll shaman.
The gnoll shaman is severely wounded.
The gnoll closely misses you. The gnoll barely misses you.
You block the gnoll shaman's attack.
The gnoll hits you from afar with a spear.
The gnoll barely misses you.
You hit the gnoll shaman.
The gnoll shaman is severely wounded.
The gnoll hits you from afar with a halberd!
The gnoll shaman calls upon its god to heal the gnoll.
The gnoll is healed somewhat.
The gnoll hits you but does no damage.
The gnoll hits you from afar with a halberd!
* * * LOW HITPOINT WARNING * * *
You block the gnoll shaman's attack.
The gnoll hits you from afar with a halberd.
* * * LOW HITPOINT WARNING * * *
The gnoll shaman utters an invocation to its god.
The gnoll shaman is healed somewhat.
The gnoll moves out of view.
The gnoll hits you with a halberd!
You die... # .### #... #..## .gg

# #g#
#.###
#.##......
#.@g...#
###.......
.####.. .#
.# .# ..
##


You could see a gnoll shaman and 2 gnolls.

Vanquished Creatures
  The ghost of Darkyelf the Skirmisher, a weakling CeAK of Lugonu (D:3)
  An orc wizard (D:4)
  An orc priest (D:4)
  A worker ant (D:4)
  A hound skeleton (D:4)
  3 adders
  An adder skeleton (D:4)
  A dart slug (D:3)
  3 orcs (D:4)
  2 bats
  4 goblins
  4 hobgoblins
  A quokka (D:2)
  A frilled lizard (D:3)
  A kobold (D:1)
  A rat (D:1)
27 creatures vanquished.

Notes
Turn   | Place    | Note
-------+----------+-------------------------------------------
     0 | D:1      | homeworkjunkie the Hill Orc Fighter began the quest for the Orb.
     0 | D:1      | Reached XP level 1. HP: 19/19 MP: 1/1
   127 | D:2      | Reached XP level 2. HP: 26/27 MP: 2/2
   137 | D:2      | Found a shattered altar of Ashenzari.
   242 | D:3      | Reached skill level 4 in Fighting
   271 | D:3      | Noticed Darkyelf's ghost (weakling CeAK)
   287 | D:3      | Killed Darkyelf's ghost
   287 | D:3      | Reached XP level 3. HP: 16/34 MP: 3/3
   287 | D:3      | Reached XP level 4. HP: 20/41 MP: 4/4
   548 | D:4      | Reached XP level 5. HP: 22/47 MP: 5/5
   709 | D:4      | Found a staircase to the Ecumenical Temple.
   736 | Temple   | Entered the Ecumenical Temple
   831 | D:3      | Reached skill level 5 in Fighting
   971 | D:5      | Entered Level 5 of the Dungeon
   980 | D:5      | Slain by a gnoll

Skill      XL: |  1  2  3  4  5 |
---------------+----------------+-----
Fighting       | 4 5 |  5.0
Axes           | 3 4 |  4.2
Armour         | 4 |  4.3
Shields        | 4 |  4.2
Dodging        | |  0.4

Action                   |  1- 3 |  4- 6 || total
-------------------------+-------+-------++-------
Melee: War axe           |    36 |    66 ||   102
  Use: Potion            |     1 |       ||     1
       Scroll            |       |     3 ||     3
Armor: Scale mail        |    21 |    23 ||    44
Dodge: Dodged            |    11 |    30 ||    41
Block: Shield            |    14 |    37 ||    51
